 Dungeon Crawl Stone Soup version 0.24.0-7-gb3623d2c88 (webtiles) character file.

Game seed: 6605208404273946636, levelgen mode: deterministic

154 erloom the Changer (level 5, -2/40 HPs)
             Began as a Draconian Transmuter on Nov 2, 2019.
             Killed by divine providence
             ... invoked by an orc priest
              (15 damage)
             ... on level 3 of the Dungeon.
             The game lasted 00:08:53 (2542 turns).

erloom the Changer (Draconian Transmuter)           Turns: 2542, Time: 00:08:54

Health: -2/40      AC:  6    Str: 12    XL:     5   Next: 13%
Magic:  1/8        EV: 12    Int: 19    God:
Gold:   160        SH:  0    Dex: 12    Spells: 2/8 levels left

rFire    . . .     SeeInvis .     - Unarmed
rCold    . . .     Gourm    .   (no shield)
rNeg     . . .     Faith    .   (armour unavailable)
rPois    +         Spirit   .   (helmet restricted)
rElec    .         Reflect  .   p - +0 cloak
rCorr    .         Harm     .   (no gloves)
MR       .....                  (no boots)
Stlth    +.........             (no amulet)
HPRegen  0.13/turn              f - ring of poison resistance
MPRegen  0.11/turn              r - +5 ring of intelligence

@: very slightly contaminated
A: unfitting armour, cold-blooded, AC +5
a: no special abilities


You were on level 3 of the Dungeon.
You were not hungry.

You visited 1 branch of the dungeon, and saw 3 of its levels.

You collected 160 gold pieces.

Inventory:

Hand Weapons
 s - a +0 hand axe of flaming
Missiles
 a - 53 arrows
 g - 120 stones (quivered)
Armour
 p - a +0 cloak (worn)
Jewellery
 f - a ring of poison resistance (left hand)
 r - a +5 ring of intelligence (right hand)
Scrolls
 b - a scroll of remove curse {unknown}
 e - 2 scrolls of identify
 h - a scroll of noise {unknown}
 j - a scroll of teleportation {unknown}
 k - a scroll of immolation {unknown}
 m - a scroll of magic mapping {unknown}
 n - 2 scrolls of random uselessness {unknown}
 o - a scroll of enchant armour {unknown}
Potions
 i - a potion of curing
 l - a potion of berserk rage
 q - a potion of magic {unknown}
 t - a potion of brilliance {unknown}
Comestibles
 c - 5 rations
 d - 7 chunks of flesh


   Skills:
 - Level 1.1 Fighting
 - Level 1.7 Dodging
 - Level 3.3 Unarmed Combat
 - Level 2.3 Spellcasting
 - Level 4.5 Transmutations
 + Level 1.5 Poison Magic


You had 2 spell levels left.
You knew the following spells:

 Your Spells              Type           Power        Failure   Level  Hunger
a - Beastly Appendage     Tmut           ###...       2%          1    #......
b - Sticks to Snakes      Tmut           ###.....     3%          2    ##.....
c - Spider Form           Tmut/Pois      ##........   14%         3    ###....

Your spell library contained the following spells:

 Spells                   Type           Power        Failure   Level  Hunger
 Ice Form                 Ice/Tmut       ##......     54%         4    #####..
 Blade Hands              Tmut           ###.......   56%         5    ######.


Dungeon Overview and Level Annotations

Branches:
Dungeon (3/15)

Altars:
Fedhas
Qazlal
Zin

Annotations:
D:2 Natasha


Innate Abilities, Weirdness & Mutations

Your plain brown scales are hard. (AC +5)
You cannot fit into any form of body armour.
You are cold-blooded and may be slowed by cold attacks.


Message History

Confirm with . or Enter, or press ? or * to list all spells.
Okay, then.
Casting: Sticks to Snakes (safe; 3% risk of failure)
Confirm with . or Enter, or press ? or * to list all spells.
You miscast Spider Form.
You are very lightly contaminated with residual magic.
Your skin glows momentarily.
Your adder bites the orc priest.
The orc priest looks braver for a moment.
Your adder bites the orc priest but does no damage.
Unknown command.
Unknown command.
Unknown command.
Unknown command.
You barely miss the orc priest.
The orc priest is lightly wounded.
Your adder closely misses the orc priest.
Your adder barely misses the orc priest.
The orc priest mumbles some strange prayers to Beogh against you.
Beogh smites you!
You die...

#.#..... ........ .....### #.
####.# #.#.# .....# #.#.#
.....# #.#.########...
.....#######.#...S.....o..
.................o######..
##......##......@S#
#......##........#
#.รท....##........#
#......##....#####
##......##....#####....g..###
.....#####.......##.........
#.#### #....##.##........#
#.# #....##.##........# #)#
#....##.##........#


You could see an orc priest and 2 friendly adders.

Vanquished Creatures
  An iguana (D:3)
  Jessica (D:2)
  4 adders (D:2)
  A worm (D:2)
  3 dart slugs
  A leopard gecko (D:1)
  An orc (D:3)
  4 bats
  2 giant cockroaches
  9 goblins
  10 hobgoblins
  2 jackals (D:3)
  6 frilled lizards
  6 kobolds
  6 rats
57 creatures vanquished.

Notes
Turn   | Place    | Note
-------+----------+-------------------------------------------
     0 | D:1      | erloom the Draconian Transmuter began the quest for the
                  | Orb.
     0 | D:1      | Reached XP level 1. HP: 16/16 MP: 3/3
   151 | D:1      | Reached XP level 2. HP: 22/23 MP: 5/5
   281 | D:1      | Learned a level 2 spell: Sticks to Snakes
   704 | D:2      | Reached XP level 3. HP: 18/28 MP: 2/6
   854 | D:2      | Reached skill level 3 in Transmutations
   989 | D:2      | Learned a level 3 spell: Spider Form
  1290 | D:2      | Reached XP level 4. HP: 31/35 MP: 5/7
  1360 | D:2      | Found a blossoming altar of Fedhas.
  1365 | D:2      | Found a stormy altar of Qazlal.
  1588 | D:2      | Noticed Jessica
  1592 | D:2      | Reached skill level 4 in Transmutations
  1636 | D:2      | Killed Jessica
  1937 | D:2      | Noticed an angel
  1938 | D:2      | Found a glowing silver altar of Zin.
  2019 | D:2      | Noticed a bullfrog
  2021 | D:2      | Noticed Natasha
  2087 | D:3      | HP: 1/35 [iguana (9)]
  2097 | D:3      | Reached skill level 1 in Poison Magic
  2097 | D:3      | Reached XP level 5. HP: 14/40 MP: 1/8
  2542 | D:3      | Killed from afar by an orc priest

Levels and vault maps discovered:
D:1:      dpeg_arrival_refuge, layout_rooms
D:2:      layout_rooms, grunt_temple_overflow_forces_of_nature, zin_angel,
          minmay_misc_feat_x, minmay_divided_ellipse, uniq_jessica, uniq_natasha
D:3:      layout_basic, first_ration, fedhas_altar_2

Skill      XL: |  1  2  3  4 |
---------------+-------------+-----
Transmutations | 3 4 |  4.5
Poison Magic   | 1 |  1.5
Fighting       | |  1.1
Dodging        | |  1.7
Unarmed Combat | |  3.3
Spellcasting   | |  2.3

Action                   |  1- 3 |  4- 6 || total
-------------------------+-------+-------++-------
Melee: Unarmed           |   131 |    97 ||   228
       Tailslap          |    13 |    10 ||    23
       Punch             |     2 |     2 ||     4
       Headbutt          |     1 |     3 ||     4
       Kick              |     1 |    10 ||    11
Throw: Stone             |     3 |     1 ||     4
 Cast: Beastly Appendage |     6 |     4 ||    10
       Sticks to Snakes  |     1 |     5 ||     6
  Use: Potion            |       |     3 ||     3
       Scroll            |       |     1 ||     1
 Stab: Sleeping          |     1 |     1 ||     2
  Eat: Chunk             |     2 |     4 ||     6
Armor: Skin              |    48 |    28 ||    76
Dodge: Dodged            |    93 |    55 ||   148
